 Dungeon Crawl Stone Soup version 0.31-a0-187-gba352fbbf7 (webtiles) character file.

Game seed: 12682672242434071649

1344 qw the Skirmisher (level 8, -6/46 HPs)
             Began as a Deep Elf Hunter on June 22, 2023.
             Was a Follower of Okawaru.
             Mangled by a yak (14 damage)
             ... on level 5 of the Dungeon.
             The game lasted 00:01:28 (3675 turns).

qw the Skirmisher (Deep Elf Hunter)                 Turns: 3675, Time: 00:01:28

Health: -6/46      AC:  7    Str: 16    XL:     8   Next: 36%
Magic:  8/10       EV: 18    Int: 15    God:    Okawaru [*.....]
Gold:   235        SH:  5    Dex: 18    Spells: 7/7 levels left

rFire   . . .        Y - +2 shortbow (freeze)
rCold   . . .        (shield currently unavailable)
rNeg    + . .        m - +2 robe {rN+}
rPois   .            n - +0 helmet
rElec   .            i - +1 cloak
rCorr   .            (no gloves)
SInv    .            (no boots)
Will    .....        h - amulet of reflection
Stlth   +++          j - +4 ring of slaying {mikee}
HPRegen 0.27/turn    e - +6 ring of strength
MPRegen 0.12/turn

%: reflection
@: heroic
A: no striking features
a: Renounce Religion, Heroism


You were on level 5 of the Dungeon.
You worshipped Okawaru.
Okawaru was aware of your devotion.
You visited 2 branches of the dungeon, and saw 6 of its levels.

You collected 235 gold pieces.


   Skills:
 - Level 3.0(8.0) Fighting
 + Level 12.7(17.7) Ranged Weapons
 - Level 5.1(10.1) Dodging
 - Level 1.2(6.2) Stealth


You had 7 spell levels left.
You didn't know any spells.
Your spell library was empty.

Inventory:

Hand Weapons
 Y - a +2 shortbow of freezing (weapon)
Armour
 i - a +1 cloak (worn)
 m - a +2 robe of positive energy (worn)
 n - a +0 helmet (worn)
Jewellery
 e - a +6 ring of strength (right hand)
 h - an amulet of reflection (around neck)
 j - a +4 ring of slaying (left hand) {mikee}
Scrolls
 a - a scroll of identify
Potions
 d - a potion of enlightenment
 f - 2 potions of curing
 g - a potion of resistance
 k - a potion of cancellation
 l - a potion of invisibility {unknown}

Dungeon Overview and Level Annotations

Branches:
Dungeon (5/15)             Temple (1/1) D:5

Altars:
Ashenzari
Cheibriados
Dithmenos
Hepliaklqana
Kikubaaqudgha
Makhleb
Nemelex Xobeh
Okawaru
Qazlal
Trog
Uskayaw
Wu Jian
Xom

Shops:
D:2 (


Message History

The yak is heavily wounded.
You shoot an arrow. The arrow hits the yak!
The arrow freezes the yak.
The yak is almost dead.
You shoot an arrow. The arrow hits the yak.
The arrow freezes the yak.
The yak is almost dead.
You shoot an arrow. The arrow hits the yak!
The arrow freezes the yak.
You kill the yak!
Okawaru accepts your kill.
You can now gain great but temporary skills.
A yak comes into view.
You shoot an arrow. The arrow barely misses the yak.
The yak bellows!
You shoot an arrow. The arrow hits the yak!
The arrow freezes the yak.
The yak is moderately wounded.
The yak barely misses you.
You shoot an arrow. The arrow closely misses the yak.
You shoot an arrow. The arrow hits the yak.
The arrow freezes the yak.
The yak is moderately wounded.
The yak barely misses you.
You shoot an arrow. The arrow closely misses the yak.
You block the yak's attack. The yak closely misses you.
You shoot an arrow. The arrow hits the yak!
The arrow freezes the yak.
The yak is heavily wounded.
The yak gores you!
You shoot an arrow. The arrow barely misses the yak.
The arrow hits the yak!
The arrow freezes the yak.
The yak is heavily wounded.
You shoot an arrow. The arrow hits the yak!
The arrow freezes the yak.
The yak is almost dead.
The yak gores you. The yak closely misses you.
3674 ||| INVOKING Heroism.
You gain the combat prowess of a mighty hero.
You can no longer gain great but temporary skills.
The yak gores you! x2; The yak completely misses you.
The yak closely misses you.
You shoot an arrow. The arrow hits the yak!
The arrow freezes the yak.
You kill the yak!
Okawaru is honoured by your kill.
You can now gain great but temporary skills.
The yak gores you!
You die...

......................
.........#..........##
.
........###..#....###
..............###..##
..............# .##
...%..##....### .#
.....##....##
#....YY...#
#...#.%@#.## #.
##Y.### #..# ....
.#.># ###.## ##


You could see 3 yaks.

Vanquished Creatures
  Grinder (D:3)
  Sigmund (D:4)
  3 yaks (D:5)
  A water moccasin (D:5)
  An ogre (D:3)
  Blork the orc (D:3)
  A scorpion (D:4)
  3 hounds (D:4)
  A gnoll bouda (D:4)
  Natasha (thrice) (D:2)
  An orc wizard (D:4)
  7 gnolls
  3 adders
  2 worms
  A dart slug (D:4)
  7 orcs
  8 bats
  11 endoplasms
  2 giant cockroaches
  7 goblins
  2 hobgoblins (D:2)
  12 jackals
  6 quokkas
  6 ball pythons
  5 frilled lizards
  8 kobolds
  3 rats
107 creatures vanquished.

Notes
Turn   | Place    | Note
-------+----------+-------------------------------------------
     0 | D:1      | qw the Deep Elf Hunter began the quest for the Orb.
     0 | D:1      | Reached XP level 1. HP: 12/12 MP: 3/3
     0 | D:1      | 0 ||| qw: Version: 0.3-a-9-g12657ce
     0 | D:1      | 0 ||| qw: Game counter: 2124
     0 | D:1      | 0 ||| qw: Always use a shield: true
     0 | D:1      | 0 ||| qw: God list: Okawaru
     0 | D:1      | 0 ||| qw: Allow faded altars: false
     0 | D:1      | 0 ||| qw: Do Orc after D:15 true
     0 | D:1      | 0 ||| qw: Do second Lair branch before Depths: true
     0 | D:1      | 0 ||| qw: Lair rune preference: random
     0 | D:1      | 0 ||| qw: Plans: Normal
     0 | D:1      | 0 ||| PLANNING D:1-11
   146 | D:1      | 146 ||| Stepping ~*~*~tactically~*~*~ (water).
   148 | D:1      | 148 ||| Stepping ~*~*~tactically~*~*~ (water).
   150 | D:1      | 150 ||| Stepping ~*~*~tactically~*~*~ (water).
   154 | D:1      | Reached skill level 6 in Ranged Weapons
   154 | D:1      | Reached XP level 2. HP: 16/16 MP: 4/4
   960 | D:1      | 960 ||| READING 3 scrolls labelled COLUTE NUOGAQI.
   961 | D:1      | 961 ||| READING scroll labelled SIHUTIMABE.
   965 | D:1      | 965 ||| READING scroll labelled QELOCATTUT.
   966 | D:1      | 966 ||| READING scroll labelled PESCHO ZAXKUHIZ.
   967 | D:1      | 967 ||| READING scroll labelled PAKHAA QUTIDIBE.
   968 | D:1      | 968 ||| READING scroll labelled GOINAI CEOXEIMN.
   969 | D:1      | 969 ||| DRINKING 2 puce potions.
   970 | D:1      | 970 ||| READING 2 scrolls of identify.
   970 | D:1      | 970 ||| IDENTIFYING fuming dark potion
   971 | D:1      | 971 ||| DROPPING scroll of butterflies.
   972 | D:1      | 972 ||| DROPPING potion of brilliance.
   974 | D:1      | 974 ||| Stepping ~*~*~tactically~*~*~ (cloud).
   974 | D:1      | HP: 2/16 [poisoned by you (poison gas)]
   975 | D:1      | 975 ||| DRINKING potion of curing.
   975 | D:1      | 975 ||| (to cure poison)
  1030 | D:2      | Found Ysucsaf's Weapon Shoppe.
  1041 | D:2      | Reached XP level 3. HP: 20/20 MP: 5/5
  1100 | D:2      | Found a broken altar of Ashenzari.
  1150 | D:2      | Noticed Natasha
  1152 | D:2      | 1152 ||| Stepping ~*~*~tactically~*~*~ (outnumbered).
  1154 | D:2      | Killed Natasha
  1155 | D:2      | Reached skill level 7 in Ranged Weapons
  1171 | D:2      | Noticed Natasha
  1174 | D:2      | Killed Natasha
  1175 | D:2      | Reached XP level 4. HP: 25/25 MP: 6/6
  1673 | D:2      | Noticed Natasha
  1677 | D:2      | Killed Natasha
  1678 | D:2      | Reached skill level 8 in Ranged Weapons
  1792 | D:2      | 1792 ||| UPGRADING to +4 ring of slaying {mikee}.
  1793 | D:2      | 1793 ||| READING 2 scrolls labelled USTIAZ OMOA.
  1794 | D:2      | 1794 ||| READING scroll labelled PELLOESIHA.
  1895 | D:2      | 1895 ||| READING scroll labelled ZAILIXKONEM.
  1938 | D:2      | 1938 ||| READING scroll labelled HUCRU BOUF.
  1939 | D:2      | 1939 ||| READING 4 scrolls of identify.
  1939 | D:2      | 1939 ||| IDENTIFYING emerald potion
  1940 | D:2      | 1940 ||| READING 3 scrolls of identify.
  1940 | D:2      | 1940 ||| IDENTIFYING glowing white potion
  1941 | D:2      | 1941 ||| READING 2 scrolls of identify.
  1941 | D:2      | 1941 ||| IDENTIFYING red potion
  1942 | D:2      | 1942 ||| DROPPING potion of berserk rage.
  1943 | D:2      | 1943 ||| DROPPING potion of magic.
  2105 | D:3      | Noticed an ogre
  2107 | D:3      | Killed an ogre
  2108 | D:3      | Reached skill level 9 in Ranged Weapons
  2108 | D:3      | Reached XP level 5. HP: 29/29 MP: 7/7
  2114 | D:3      | Found a burning altar of Makhleb.
  2159 | D:3      | Noticed Grinder
  2160 | D:3      | Paralysed by Grinder for 3 turns
  2169 | D:3      | Killed Grinder
  2170 | D:3      | Reached XP level 6. HP: 34/34 MP: 8/8
  2507 | D:3      | 2507 ||| READING scroll of enchant weapon.
  2507 | D:3      | 2507 ||| ENCHANTING +1 shortbow of freezing.
  2567 | D:3      | 2567 ||| UPGRADING to +0 cloak.
  2572 | D:3      | 2572 ||| READING scroll of enchant armour.
  2572 | D:3      | 2572 ||| ENCHANTING +0 cloak.
  2573 | D:3      | 2573 ||| UPGRADING to amulet of reflection.
  2578 | D:3      | 2578 ||| UPGRADING to +6 ring of strength.
  2579 | D:3      | 2579 ||| READING scroll labelled LEMOANWONOD.
  2580 | D:3      | 2580 ||| READING 2 scrolls of identify.
  2580 | D:3      | 2580 ||| IDENTIFYING orange potion
  2600 | D:4      | Noticed Blork the orc
  2604 | D:4      | 2604 ||| STAIRDANCE
  2606 | D:3      | Killed Blork the orc
  2607 | D:3      | Reached XP level 7. HP: 36/40 MP: 9/9
  2622 | D:4      | 2622 ||| STAIRDANCE
  2706 | D:4      | Reached skill level 10 in Ranged Weapons
  2717 | D:4      | Found an ornate altar of the Wu Jian Council.
  3003 | D:4      | Noticed Sigmund
  3009 | D:4      | Killed Sigmund
  3010 | D:4      | Reached skill level 11 in Ranged Weapons
  3150 | D:4      | Found a shimmering altar of Xom.
  3334 | D:4      | 3334 ||| UPGRADING to +2 robe of positive energy.
  3344 | D:4      | 3344 ||| DROPPING +0 leather armour.
  3345 | D:4      | 3345 ||| UPGRADING to +0 helmet.
  3350 | D:4      | 3350 ||| DROPPING ring of resist corrosion.
  3351 | D:4      | 3351 ||| READING 2 scrolls of identify.
  3351 | D:4      | 3351 ||| IDENTIFYING golden potion
  3384 | D:5      | Entered Level 5 of the Dungeon
  3406 | D:5      | Found a staircase to the Ecumenical Temple.
  3407 | D:5      | 3407 ||| PLANNING TEMPLE
  3416 | Temple   | Entered the Ecumenical Temple
  3417 | Temple   | 3417 ||| PLANNING OKAWARU WORSHIP
  3596 | Temple   | Became a worshipper of Warmaster Okawaru
  3597 | Temple   | 3597 ||| PLANNING D:1-11
  3622 | D:5      | Reached skill level 12 in Ranged Weapons
  3622 | D:5      | Reached XP level 8. HP: 39/44 MP: 10/10
  3661 | D:5      | Reached skill level 3 in Fighting
  3665 | D:5      | Reached * piety under Okawaru
  3674 | D:5      | 3674 ||| INVOKING Heroism.
  3674 | D:5      | HP: 8/46 [yak (13)]
  3675 | D:5      | Mangled by a yak

Levels and vault maps discovered:
D:1:      minmay_arrival_jagged, layout_loops_ring, serial_bayou,
          serial_bayou_lake_a, serial_bayou_crossing, serial_bayou_shore_a,
          serial_bayou_ford_a
D:2:      layout_loops_ring, serial_shops, shop, basic_altar,
          amcnicky_mini_rare_corridor_liquid, serial_bayou_pond_e, uniq_natasha
D:3:      layout_basic, mainiacjoe_overflow_cross_hatched, minmay_cupped,
          uniq_grinder
D:4:      layout_basic, nicolae_wu_jian_wuxing_cycle, lemuel_round_altar,
          uniq_sigmund, uniq_blork_the_orc
D:5:      layout_cave_pools, minmay_temple_entry_mist,
          minmay_large_rounded_square, nicolae_figureground_pulse
Temple:   chequers_temple_sunken

Skill      XL: |  1  2  3  4  5  6  7  8 |
---------------+-------------------------+-----
Ranged Weapons | 6 7 9 12 | 12.7
Dodging        | 5 |  5.1
Fighting       | 2 3 |  3.0
Stealth        | |  1.2

Action                     |  1- 3 |  4- 6 |  7- 9 || total
---------------------------+-------+-------+-------++-------
   Fire: Shortbow          |    79 |    90 |    92 ||   261
 Invoke: Heroism           |       |       |     1 ||     1
    Use: Scroll            |     7 |    11 |     1 ||    19
         Potion            |     2 |       |       ||     2
 Armour: Leather armour    |     6 |     5 |       ||    11
  Dodge: Dodged            |    24 |    12 |    15 ||    51
  Block: Other             |       |       |     3 ||     3

Table legend:
 A = Non-vault XP
 B = Vault XP
 C = Vault XP percentage of total XP
 D = Non-vault monster count
 E = Vault monster count
 F = Vault count percentage of total count
                 A         B        C        D         E       F
            +---------+---------+-------+---------+---------+-------
      Total |    1496 |     633 |  29.7 |     101 |       6 |   5.6
            +---------+---------+-------+---------+---------+-------
        D:1 |      32 |       0 |   0.0 |      22 |       0 |   0.0
        D:2 |     115 |      35 |  23.3 |      28 |       1 |   3.4
        D:3 |     196 |     372 |  65.5 |      19 |       4 |  17.4
        D:4 |     384 |     226 |  37.0 |      25 |       1 |   3.8
        D:5 |     769 |       0 |   0.0 |       7 |       0 |   0.0
            +---------+---------+-------+---------+---------+-------
